 Dungeon Crawl Stone Soup version 0.30-a0-170-g85af917532 (webtiles) character file.

Game seed: 18375167379767090837

277 KennySheep the Digger (level 6, 0/44 HPs)
             Began as a Barachi Earth Elementalist on Oct 1, 2022.
             Slain by an orc priest
             ... wielding a +0 flail
              (3 damage)
             ... on level 3 of the Dungeon.
             The game lasted 00:08:21 (2350 turns).

KennySheep the Digger (Barachi Earth Elementalist)  Turns: 2350, Time: 00:08:21

Health: 0/44       AC:  5    Str:  9    XL:     6   Next: 25%
Magic:  9/19       EV: 12    Int: 18    God:
Gold:   126        SH:  0    Dex: 12    Spells: 5/11 levels left

rFire   . . .      SeeInvis .    d - +0 dagger
rCold   . . .      Faith    .    (no shield)
rNeg    . . .      Spirit   .    a - +0 robe
rPois   .          Reflect  .    (no helmet)
rElec   .          Harm     .    (no cloak)
rCorr   .          Rampage  .    (no gloves)
Will    .....                    r - +2 pair of boots
Stlth   ++........               g - amulet of the acrobat
HPRegen 0.14/turn                m - ring of magical power
MPRegen 0.16/turn                (no ring)

@: mighty, slow
A: amphibious, slowness 1, strong legs 1, +LOS
a: Hop


You were on level 3 of the Dungeon.
You visited 1 branch of the dungeon, and saw 3 of its levels.

You collected 126 gold pieces.

Inventory:

Hand Weapons
 d - a +0 dagger (weapon)
Armour
 a - a +0 robe (worn)
 r - a +2 pair of boots (worn)
Jewellery
 g - an amulet of the acrobat (around neck)
 h - a ring of ice
 m - a ring of magical power (left hand)
 s - an amulet of guardian spirit
 t - a ring of resist corrosion
Wands
 q - a wand of charming (11)
Scrolls
 c - 5 scrolls of teleportation
 e - a scroll of immolation {unknown}
 k - 3 scrolls of poison
 l - a scroll of torment
 n - 2 scrolls of fear
 o - a scroll of magic mapping
Potions
 b - a potion of magic
 f - a potion of lignification {unknown}
 i - a potion of mutation {unknown}
 j - a potion of curing {unknown}
 u - a potion of degeneration {unknown}
 v - a potion of brilliance {unknown}


   Skills:
 + Level 2.3 Fighting
 - Level 2.1 Dodging
 - Level 1.7 Stealth
 + Level 3.1 Spellcasting
 * Level 3.1 Conjurations
 + Level 2.6 Transmutations
 * Level 4.5 Earth Magic


You had 5 spell levels left.
You knew the following spells:

 Your Spells              Type           Power      Damage    Failure   Level
a - Sandblast             Erth           38%        2d10      2%          1
b - Passwall              Tmut/Erth      12%        N/A       5%          2
c - Stone Arrow           Conj/Erth      32%        3d9       10%         3

Your spell library contained the following spells:

 Spells                   Type           Power      Damage    Failure   Level
 Magic Dart               Conj           56%        1d5       4%          1
 Searing Ray              Conj           28%        2d5       7%          2
 Kiss of Death            Conj/Necr      32%        2d7       9%          1
 Ensorcelled Hibernation  Hex/Ice        4%         N/A       24%         2
 Petrify                  Tmut/Erth      15%        N/A       36%         4
 Confusing Touch          Hex            2%         N/A       43%         3
 Inner Flame              Hex/Fire       2%         N/A       43%         3
 Swiftness                Air            2%         N/A       43%         3
 Fulminant Prism          Conj/Hex       4%         3d6       63%         4
 Cause Fear               Hex            1%         N/A       85%         4
 Dispel Undead            Necr           2%         3d7       85%         4
 Discord                  Hex            1%         N/A       100%        8


Dungeon Overview and Level Annotations

Branches:
Dungeon (3/15)

Altars:


Innate Abilities, Weirdness & Mutations

You are amphibious.
You cover ground slowly.
You can hop short distances.
You have an extended range of vision and can be seen from far away.


Message History

The orc priest is lightly wounded.
The orc priest barely misses you.
Aiming: Sandblast (safe; 2% risk of failure)
Press: ? - help, Q - select action, (/) - cycle Shift-Dir - straight line, f/p - orc priest
Aim: an orc priest, wielding a +0 flail and wearing a +0 chain mail (lightly wounded, 87% to hit)
The blast of sand hits the orc priest.
The orc priest is moderately wounded.
The orc priest barely misses you.
The orc priest hits you with a +0 flail.
Aiming: Sandblast (safe; 2% risk of failure)
Press: ? - help, Q - select action, (/) - cycle Shift-Dir - straight line, f/p - orc priest
Aim: an orc priest, wielding a +0 flail and wearing a +0 chain mail (moderately wounded, 87% to hit)
The blast of sand hits the orc priest but does no damage.
The orc priest is moderately wounded.
The orc priest closely misses you.
Aiming: Sandblast (safe; 2% risk of failure)
Press: ? - help, Q - select action, (/) - cycle Shift-Dir - straight line, f/p - orc priest
Aim: an orc priest, wielding a +0 flail and wearing a +0 chain mail (moderately wounded, 87% to hit)
The blast of sand hits the orc priest but does no damage.
The orc priest is moderately wounded.
The orc priest misses you. x2
Aiming: Sandblast (safe; 2% risk of failure)
Press: ? - help, Q - select action, (/) - cycle Shift-Dir - straight line, f/p - orc priest
Aim: an orc priest, wielding a +0 flail and wearing a +0 chain mail (moderately wounded, 87% to hit)
The blast of sand hits the orc priest but does no damage.
The orc priest is moderately wounded.
The orc priest calls down the wrath of Beogh upon you.
Pain shoots through your body!
* * * LOW HITPOINT WARNING * * *
Aiming: Sandblast (safe; 2% risk of failure)
Press: ? - help, Q - select action, (/) - cycle Shift-Dir - straight line, f/p - orc priest
Aim: an orc priest, wielding a +0 flail and wearing a +0 chain mail (moderately wounded, 87% to hit)
The blast of sand hits the orc priest but does no damage.
The orc priest is moderately wounded.
The orc priest hits you with a +0 flail.
* * * LOW HITPOINT WARNING * * *
The orc priest completely misses you.
You feel very mighty all of a sudden.
The orc priest hits you with a +0 flail.
You die...

.# #.# #.##. #.## #.#
..##..#..####.###
..##..#.#.......>
#.##...###.......
#.##..#.#.###.###
#.##.............
#########........)###.##.
#...oooo@......[......##.
#.#######.###..<...)####.
#............# #.
#####.......## #.
##.......# #. ..
#....##.# #. #.#
#.#.###.# #. #.# #.###
#รท# #. #.# #.# #.# #.


You could see an orc priest and 3 orcs.

Vanquished Creatures
  Sigmund (D:3)
  Natasha (D:3)
  3 gnolls (D:2)
  A worm (D:2)
  4 orcs (D:3)
  3 ball pythons (D:2)
  6 endoplasms
  3 goblins
  6 hobgoblins
  2 jackals (D:3)
  2 quokkas (D:1)
  5 bats
  4 frilled lizards (D:2)
  A kobold (D:3)
  7 rats
49 creatures vanquished.

Notes
Turn   | Place    | Note
-------+----------+-------------------------------------------
     0 | D:1      | KennySheep the Barachi Earth Elementalist began the quest
                  | for the Orb.
     0 | D:1      | Reached XP level 1. HP: 13/13 MP: 3/3
   345 | D:1      | Reached XP level 2. HP: 20/20 MP: 1/5
   348 | D:1      | Learned a level 2 spell: Passwall
  1287 | D:2      | Reached skill level 1 in Fighting
  1287 | D:2      | Reached XP level 3. HP: 26/26 MP: 6/6
  1291 | D:2      | Learned a level 3 spell: Stone Arrow
  1307 | D:2      | Reached skill level 1 in Conjurations
  1369 | D:2      | Reached XP level 4. HP: 32/32 MP: 7/7
  2138 | D:3      | Noticed Sigmund
  2141 | D:3      | Noticed Natasha
  2144 | D:3      | Killed Sigmund
  2145 | D:3      | Reached skill level 4 in Earth Magic
  2145 | D:3      | Reached XP level 5. HP: 27/38 MP: 9/9
  2145 | D:3      | Reached XP level 6. HP: 31/44 MP: 10/10
  2146 | D:3      | Killed Natasha
  2350 | D:3      | Slain by an orc priest

Illustrated notes

Levels and vault maps discovered:
D:1:      dpeg_arrival_boxes_within_box, layout_loops_ring
D:2:      layout_basic, grunt_decor_resistance
D:3:      layout_loops_ring, serial_shops, shop,
          dreamdust_ecumenical_altar_hidden_monk_grotto, uniq_natasha,
          uniq_crazy_yiuf_cottage, uniq_sigmund

Skill      XL: |  1  2  3  4 |
---------------+-------------+-----
Fighting       | 1 2 |  2.3
Conjurations   | 1 3 |  3.1
Transmutations | 2 |  2.6
Spellcasting   | 3 |  3.1
Earth Magic    | 4 |  4.5
Dodging        | |  2.1
Stealth        | |  1.7

Action                   |  1- 3 |  4- 6 || total
-------------------------+-------+-------++-------
Melee: Dagger            |     8 |     6 ||    14
 Cast: Sandblast         |    33 |    39 ||    72
  Use: Scroll            |       |     6 ||     6
       Potion            |       |     1 ||     1
 Stab: Sleeping          |     1 |     2 ||     3
Armor: Robe              |     2 |     7 ||     9
Dodge: Dodged            |    18 |    12 ||    30

Table legend: (Time is in decaauts)
 A = Elapsed time spent in this place.
 B = Non-inter-level travel time spent in this place.
 C = Inter-level travel time spent in this place.
 D = Time resting spent in this place.
 E = Time spent auto-exploring this place.
 F = Levels seen in this place.
 G = Mean time per level.
                   A        B        C        D        E       F      G
               +--------+--------+--------+--------+--------+-----+--------+
         Total |   2682 |   2613 |     69 |    341 |   1855 |   3 |  894.0 |
       Dungeon |   2682 |   2613 |     69 |    341 |   1855 |   3 |  894.0 |
               +--------+--------+--------+--------+--------+-----+--------+

Top non-repeatable levels by time:
     D:2: 1268 daAuts
     D:1: 1001 daAuts
     D:3: 412 daAuts
